 Dungeon Crawl Stone Soup version 0.19-a0-1626-g5215c36 (webtiles) character file.

2368 jacquesderrida the Carver (level 9, 8/47 HPs)
             Began as a Vine Stalker Skald on Sept 18, 2016.
             Was a Believer of Okawaru.
             Quit the game on level 8 of the Dungeon.
             The game lasted 00:21:25 (3281 turns).

jacquesderrida the Carver (Vine Stalker Skald)      Turns: 3281, Time: 00:21:27

Health: 8/47       AC:  6    Str: 14    XL:     9   Next: 44%
Magic:  2/13       EV: 14    Int: 13    God:    Okawaru [**....]
Gold:   0          SH:  0    Dex: 17    Spells: 3 memorised, 5 levels left

rFire  . . .     SeeInvis .     s - +0 long sword
rCold  + + .     Gourm    .     y - +1 leather armour of Limitation {rC++ Regen+ rCorr}
rNeg   . . .     Faith    .     (no shield)
rPois  +         Spirit   +     C - +1 helmet
rElec  .         Dismiss  .     (no cloak)
rCorr  +         Reflect  .     (no gloves)
MR     +....     Harm     .     (no boots)
Stlth  +.........               (no amulet)
                                u - ring of poison resistance
                                v - ring of wizardry

@: slowed, drained, very slow
A: fangs 3, regeneration 1, magic shield, antimagic bite, no device heal 3, rot
immunity
a: Heroism, Renounce Religion


You were on level 8 of the Dungeon.
You worshipped Okawaru.
Okawaru was pleased with you.
You were not hungry.

You visited 2 branches of the dungeon, and saw 9 of its levels.

You collected 196 gold pieces.
You spent 196 gold pieces at shops.

Inventory:

Hand Weapons
 a - a +0 falchion
 s - a +0 long sword (weapon)
Missiles
 f - 5 steel tomahawks
 B - a javelin of penetration (quivered)
Armour
 b - a +0 leather armour
 m - a +0 chain mail
 p - a +0 ring mail
 y - the +1 leather armour of Limitation (worn) {rC++ Regen+ rCorr}
   (You bought it in a shop on level 5 of the Dungeon)

   It greatly protects you from cold.
   It increases your rate of regeneration.
   It protects you from acid and corrosion.
 C - a +1 helmet (worn)
Jewellery
 u - a ring of poison resistance (right hand)
 v - a ring of wizardry (left hand)
Wands
 j - a wand of random effects (0/48)
 t - a wand of lightning (0/15)
 A - a wand of slowing (1/48)
 K - a wand of digging (5/24)
Scrolls
 g - 2 scrolls of remove curse
 h - 2 scrolls of blinking
 k - a scroll of recharging
 l - a scroll of immolation
 r - a scroll of teleportation {unknown}
 D - 2 scrolls of fear
 F - a scroll of noise
 J - a scroll of amnesia {unknown}
Potions
 e - a potion of brilliance {unknown}
 i - 4 potions of curing {unknown}
 o - a potion of resistance {unknown}
 z - a potion of agility
 E - a potion of might
 G - a potion of invisibility
 H - a potion of flight
Books
 c - a book of Battle

   Spells                             Type                      Level
   a - Infusion                       Charms                       1
   b - Shroud of Golubria             Charms/Translocation         2
   c - Song of Slaying                Charms                       2
   d - Spectral Weapon                Hexes/Charms                 3
   e - Regeneration                   Charms/Necromancy            3
Comestibles
 d - 4 bread rations
 n - 2 beef jerkies
 q - 4 meat rations


   Skills:
 + Level 5.6(5.1) Fighting
 + Level 8.7(8.2) Long Blades
 - Level 0.7(0.3) Armour
 + Level 4.7(4.2) Dodging
 - Level 2.1(1.7) Spellcasting
 - Level 3.0(2.5) Charms


You had 5 spell levels left.
You knew the following spells:

 Your Spells              Type           Power        Failure   Level  Hunger
a - Infusion              Chrm           #...         4%          1    ##.....
r - Regeneration          Chrm/Necr      #.........   34%         3    ####...
s - Spectral Weapon       Hex/Chrm       #.......     34%         3    ####...


Dungeon Overview and Level Annotations

Branches:
Dungeon (8/15)             Temple (1/1) D:5
   Lair: D:8-11

Altars:
Ashenzari
Cheibriados
Dithmenos
Elyvilon
Gozag
Hepliaklqana
Makhleb
Nemelex Xobeh
Okawaru
Qazlal
Ru
Sif Muna
Trog
Uskayaw
Xom
Yredelemnul
Zin
The Shining One

Shops:
D:5 [

Annotations:
D:8 Maurice


Innate Abilities, Weirdness & Mutations

You have razor-sharp teeth.
Your natural rate of healing is unusually fast.
When hurt, damage is shared between your health and your magic reserves.
Your bite disrupts and absorbs the magic of your enemies.
Potions and wands cannot restore your health.
You are immune to rotting.


Message History

The magic dart hits you!
The orc warrior hits you with a battleaxe!!
* * * LOW HITPOINT WARNING * * *
The orc wizard gestures wildly while chanting.
The orc wizard blinks!
The orc warrior hits you with a battleaxe.
* * * LOW HITPOINT WARNING * * *
The orc wizard gestures at you while chanting.
The magic dart hits you!
* * * LOW HITPOINT WARNING * * *
Unknown command.
The orc wizard gestures at you while chanting.
You resist with almost no effort.
Unknown command.
The orc warrior barely misses you.
You riposte.
You hit the orc warrior but do no damage.
You bite the orc warrior, but do no damage.
The orc warrior is moderately wounded.
The orc wizard hits you but does no damage.
Are you sure you want to abandon this character and quit the game? (Confirm with "yes".)

#..........# ##§§...≈≈##≈≈
#..........# ##...≈≈####≈
#..........#####...≈≈## ##
..#####..........#......≈≈##
# .....[.........[....≈≈≈≈≈##
...................≈≈#####
..............##...≈≈#####
...........{..##oo..≈≈≈≈≈##
.........o....##@#......≈≈##
#
.........#######.#####o..≈≈##
## .........# #.#
##...≈≈####≈ .........# #.#
##≈≈...≈≈##≈≈ .....o...####
#.# #≈≈§≈...≈##≈.
.....o......# #)#
#§§≈≈≈#..≈##≈. ............#
#)##≈≈§≈≈###.≈##≈.
............# #.#P≈≈≈§##
#§≈≈≈≈. .o..........#
#o#PP≈≈# #..≈≈..


You could see an orc warrior and an orc wizard.

Vanquished Creatures
  A two-headed ogre (D:8)
  A hippogriff (D:8)
  Duvessa (D:4)
  An ice beast (D:5)
  2 sky beasts
  3 orc warriors
  A centaur (D:7)
  2 ogres
  A bullfrog (D:8)
  Dowan (D:4)
  A scorpion (D:3)
  3 wights (D:8)
  The ghost of namnharef the Charmwright, a weakling HESk (D:3)
  2 crimson imps
  3 hounds
  A jelly (D:8)
  6 orc wizards
  An iguana (D:4)
  5 worker ants
  A killer bee zombie (D:5)
  A hound zombie (D:7)
  A hound skeleton (D:6)
  A mummy (D:5)
  6 gnolls
  6 adders
  A shadow imp (D:7)
  3 oozes
  2 worms
  A dart slug (D:2)
  A leopard gecko (D:1)
  16 orcs
  A ball python (D:1)
  7 giant cockroaches
  3 goblins
  8 hobgoblins
  7 jackals
  3 bats
  4 frilled lizards
  A hobgoblin zombie (D:5)
  3 kobolds
  2 kobold zombies (D:5)
  An orc zombie (D:5)
  A quokka skeleton (D:4)
  4 rats
122 creatures vanquished.

Notes
Turn   | Place    | Note
-------+----------+-------------------------------------------
     0 | D:1      | jacquesderrida the Vine Stalker Skald began the quest for the Orb.
     0 | D:1      | Reached XP level 1. HP: 11/11 MP: 4/4
    50 | D:1      | Reached skill level 2 in Long Blades
    75 | D:1      | Reached XP level 2. HP: 1/15 MP: 3/6
   174 | D:2      | Found a shimmering altar of Xom.
   257 | D:2      | Reached skill level 3 in Long Blades
   257 | D:2      | Reached XP level 3. HP: 11/18 MP: 7/7
   516 | D:2      | Gained mutation: Your natural rate of healing is unusually fast. [Vine Stalker growth]
   516 | D:2      | Reached XP level 4. HP: 8/23 MP: 6/8
   563 | D:3      | Noticed namnharef's ghost (weakling HESk)
   576 | D:3      | Killed namnharef's ghost
   576 | D:3      | Reached skill level 4 in Long Blades
   620 | D:3      | Found a burning altar of Makhleb.
   754 | D:4      | Noticed Duvessa
   754 | D:4      | Noticed Dowan
   779 | D:3      | Reached skill level 5 in Long Blades
   779 | D:3      | Reached XP level 5. HP: 21/26 MP: 7/9
  1051 | D:4      | Got an ichor-stained short sword
  1056 | D:4      | Identified the cursed +1 short sword "Jellybane" {flame, rF+ Int+3} (You found it on level 4 of the Dungeon)
  1120 | D:4      | Reached XP level 6. HP: 26/30 MP: 10/10
  1179 | D:5      | Entered Level 5 of the Dungeon
  1204 | D:5      | Noticed a sky beast
  1294 | D:4      | Reached skill level 6 in Long Blades
  1334 | D:4      | Found a shadowy altar of Dithmenos.
  1431 | D:5      | Found a hazy altar of Hepliaklqana.
  1465 | D:5      | Noticed an ice beast
  1483 | D:5      | Reached XP level 7. HP: 34/34 MP: 11/11
  1515 | D:5      | Learned a level 3 spell: Spectral Weapon
  1519 | D:5      | Learned a level 3 spell: Regeneration
  1638 | D:5      | Found Fulistrud's Antique Armour Shoppe.
  1661 | D:5      | Bought a fine leather armour for 196 gold pieces
  1680 | D:5      | Identified the +1 leather armour of Limitation {rC++ Regen+ rCorr} (You bought it in a shop on level 5 of the Dungeon)
  1685 | D:5      | Found a staircase to the Ecumenical Temple.
  1694 | Temple   | Entered the Ecumenical Temple
  1787 | D:5      | Reached skill level 7 in Long Blades
  1787 | D:5      | Reached skill level 1 in Dodging
  1986 | D:4      | Found an iron altar of Okawaru.
  1989 | D:4      | Became a worshipper of Warmaster Okawaru
  2057 | D:4      | Killed Duvessa
  2072 | D:4      | Killed Dowan
  2072 | D:4      | Gained mutation: You have razor-sharp teeth. [Vine Stalker growth]
  2072 | D:4      | Reached XP level 8. HP: 40/40 MP: 12/12
  2190 | D:6      | Found a shattered altar of Ashenzari.
  2419 | D:6      | Reached * piety under Okawaru
  2433 | D:6      | Found a hide-covered altar of Uskayaw.
  2578 | D:7      | Found a glowing silver altar of Zin.
  2578 | D:7      | Found an opulent altar of Gozag.
  2580 | D:7      | Found a white marble altar of Elyvilon.
  2624 | D:7      | Reached skill level 8 in Long Blades
  2856 | D:8      | Reached XP level 9. HP: 46/46 MP: 13/13
  2906 | D:8      | Noticed Maurice
  2915 | D:8      | Paralysed by something for 3 turns
  2989 | D:8      | Reached skill level 5 in Fighting
  3094 | D:8      | Reached ** piety under Okawaru
  3121 | D:8      | Noticed a two-headed ogre
  3127 | D:8      | Killed a two-headed ogre
  3281 | D:8      | Quit the game

Vault maps used:
D:1:      lemuel_arrival_room, minmay_misc_feat_four_crosses, minmay_nonomino_d4
D:2:      minmay_diamond_boxcup, xom_butterflies
D:3:      lemuel_doored_altar, first_bread, serial_park_tiny_2
D:4:      kennysheep_little_box, marbit_many_paths, uniq_duvessa
D:5:      black_bear_nest_2, serial_shops, shop_coins, basic_altar,
          grunt_ministairs_6, minmay_mini_ossuary
D:6:      old_standard_altar, evilmike_ruin_ashenzari, minmay_checkerbox
D:7:      grunt_temple_overflow_open, grunt_ogre_cave, uniq_crazy_yiuf_cottage
D:8:      minmay_weird_star, grunt_temple_overflow_growth_and_decay,
          david_lair_shrubbed, grunt_ministairs_15, minmay_orc_keep,
          uniq_maurice
Temple:   kb_temple_of_zot

Skill      XL: |  1  2  3  4  5  6  7  8  9 |
---------------+----------------------------+-----
Long Blades    | 2 3 5 6 7 8 |  8.7
Fighting       | 3 4 5 |  5.6
Dodging        | 2 3 4 |  4.7
Armour         | |  0.7
Spellcasting   | |  2.1
Charms         | |  3.0

Action                   |  1- 3 |  4- 6 |  7- 9 || total
-------------------------+-------+-------+-------++-------
Melee: Falchion          |   106 |    14 |       ||   120
       Bite              |    22 |    49 |   144 ||   215
       Long sword        |       |   135 |   361 ||   496
       Short sword       |       |     8 |       ||     8
Throw: Tomahawk          |     9 |     7 |       ||    16
Evoke: Wand              |     3 |     9 |    10 ||    22
  Use: Scroll            |     3 |     1 |    11 ||    15
       Potion            |       |     1 |       ||     1
 Stab: Paralysed         |       |     7 |    21 ||    28
  Eat: Chunk             |       |     2 |     5 ||     7
       Fruit             |       |       |     2 ||     2
Armor: Leather armour    |    15 |       |    63 ||    78
       Chain mail        |    30 |       |       ||    30
       Ring mail         |       |    38 |     1 ||    39
Dodge: Dodged            |    47 |    76 |   171 ||   294
